Map: Korhal Carnage Knockout LE

Players

TokiSada - Winner!

  • Race: Protoss Protoss
  • League: Master

Dioxazine

  • Race: Zerg Zerg

VOD

Have the link to the VOD?

Description

Time

  • Played on: May 22, 2016, 7:23 a.m.
  • Length: 8:34
Show
View Real Time Build Order
Export as new Build Order

TokiSada Protoss - Winner!

Build Orders: 1 Gate Expand 

Get SALT Encoding   

  12  0:01  Probe (Chrono Boost)  
  13  0:11  Probe (Chrono Boost)  
  14  0:21  Pylon  
  14  0:22  Probe (Chrono Boost)  
  15  0:39  Probe (Chrono Boost)  
  15  0:42  Gateway  
  16  0:49  Probe (Chrono Boost)  
  17  0:50  Assimilator  
  17  1:00  Probe (Chrono Boost)  
  18  1:10  Probe (Chrono Boost)  
  19  1:21  Nexus  
  19  1:32  Cybernetics Core  
  19  1:40  Assimilator  
  19  1:43  Probe (Chrono Boost)  
  20  1:54  Probe (Chrono Boost)  
  21  2:02  Pylon  
  21  2:04  Probe (Chrono Boost)  
  22  2:14  Warp Gate  
  22  2:15  Probe  
  23  2:20  Stalker (Chrono Boost)  
  25  2:27  Probe  
  26  2:34  Mothership Core  
  28  2:39  Probe  
  29  2:47  Adept (Chrono Boost)  
  31  2:51  Probe  
  31  2:53  Probe  
  33  3:03  Probe (Chrono Boost)  
  33  3:05  Probe (Chrono Boost)  
  35  3:15  Probe (Chrono Boost)  
  35  3:16  Probe (Chrono Boost), Stargate  
  37  3:25  Probe (Chrono Boost)  
  37  3:27  Probe (Chrono Boost)  
  39  3:36  Probe (Chrono Boost)  
  39  3:37  Probe (Chrono Boost)  
  41  3:44  Nexus  
  41  3:47  Probe (Chrono Boost)  
  41  3:48  Probe (Chrono Boost)  
  43  3:49  Assimilator  
  43  3:53  Assimilator  
  43  3:57  Probe (Chrono Boost)  
  43  3:58  Probe (Chrono Boost)  
  43  3:59  Pylon  
  45  4:04  Pylon  
  45  4:07  Probe (Chrono Boost)  
  46  4:15  Probe  
  46  4:17  Phoenix (Chrono Boost)  
  46  4:18  Forge  
  46  4:19  Probe  
  46  4:23  Twilight Council  
  50  4:26  Probe  
  51  4:31  Probe  
  51  4:33  Sentry  
  51  4:36  Probe  
  51  4:38  Phoenix (Chrono Boost)  
  55  4:42  Protoss Ground Weapons Level 1 (Chrono Boost)  
  55  4:43  Probe  
  58  4:48  Probe  
  58  4:52  Pylon  
  59  4:56  Probe  
  59  4:57  Phoenix  
  60  5:00  Probe  
  60  5:01  Pylon  
  60  5:02  Probe  
  60  5:03  Pylon  
  64  5:08  Probe  
  64  5:12  Probe  
  64  5:13  Probe  
  66  5:20  Phoenix, Probe  
  68  5:24  Probe  
  68  5:25  Charge (Chrono Boost), Probe  
  72  5:32  Assimilator, Probe  
  73  5:36  Assimilator, Probe  
  73  5:37  Probe  
  73  5:41  Sentry  
  77  5:44  Probe  
  77  5:45  Gateway  
  77  5:47  Gateway x2  
  77  5:48  Probe  
  77  5:49  Probe  
  80  5:52  Gateway  
  80  5:54  Gateway  
  80  5:56  Probe  
  81  6:00  Probe  
  81  6:01  Probe  
  81  6:02  Phoenix  
  83  6:08  Probe  
  83  6:11  Gateway x2  
  86  6:13  Probe x2  
  86  6:16  Gateway  
  86  6:18  Pylon  
  88  6:21  Pylon  
  88  6:23  Pylon  
  88  6:26  Pylon  
  88  6:31  Robotics Facility x2  
  88  6:34  Pylon  
  88  6:39  Adept  
  90  6:43  Probe  
  90  6:46  Adept x2  
  95  7:10  Gateway, Templar Archives  
  95  7:11  Gateway  
  95  7:12  Gateway  
  95  7:13  Gateway  
  95  7:14  Gateway  
  95  7:16  Gateway  
  95  7:17  Pylon  
  95  7:21  Immortal x2 (Chrono Boost)  
  103  7:28  Zealot  
  103  7:29  Zealot x4  
  113  7:46  Zealot x3  
  119  7:51  Immortal x2  
  127  8:13  Nexus  
  127  8:14  Zealot x4, Pylon  
  127  8:15  Zealot x3  
  127  8:17  Pylon  
  133  8:27  Pylon  
  133  8:28  Pylon  
  133  8:29  Pylon x2  
Show
View Real Time Build Order
Export as new Build Order

Dioxazine Zerg 

Build Orders: 3 Hatch before Pool 

Get SALT Encoding   

  12  0:01  Drone  
  13  0:12  Overlord  
  13  0:17  Drone  
  14  0:30  Drone x2  
  14  0:34  Drone  
  17  0:53  Hatchery  
  17  0:56  Drone  
  17  1:20  Hatchery  
  17  1:23  Drone  
  17  1:39  Spawning Pool  
  16  1:42  Drone, Extractor  
  16  1:47  Drone  
  16  1:48  Drone  
  18  1:54  Drone  
  19  2:05  Drone  
  19  2:06  Drone  
  21  2:18  Drone x2  
  23  2:26  Queen  
  23  2:27  Zergling x4  
  27  2:33  Queen  
  29  2:37  Drone  
  29  2:41  Overlord  
  30  2:53  Roach Warren  
  30  2:56  Drone x2  
  30  2:57  Drone  
  32  3:02  Overlord  
  32  3:08  Metabolic Boost  
  32  3:14  Extractor  
  32  3:16  Extractor  
  32  3:17  Drone  
  32  3:18  Drone x2  
  33  3:21  Drone  
  33  3:23  Drone  
  33  3:26  Drone  
  36  3:35  Evolution Chamber  
  36  3:40  Drone x4  
  39  3:54  Zergling x4  
  39  3:55  Zergling x2, Baneling Nest  
  42  3:56  Overlord  
  42  3:59  Overlord  
  42  4:01  Pneumatized Carapace  
  41  4:06  Zergling x2  
  41  4:08  Overlord  
  42  4:12  Spore Crawler  
  42  4:16  Spore Crawler  
  42  4:17  Zergling x4  
  41  4:19  Zergling x2  
  41  4:22  Zergling x2  
  44  4:24  Zergling x2  
  45  4:32  Zergling x6  
  45  4:34  Zergling x4  
  45  4:37  Zergling x2  
  51  4:47  Zergling x2  
  51  4:48  Zergling x8  
  56  4:57  Roach x2, Zerg Missile Weapons Level 1  
  60  5:00  Zergling x4  
  60  5:03  Baneling  
  60  5:20  Overlord x4  
  58  5:32  Overlord x3  
  58  5:38  Drone  
  59  5:55  Roach  
  59  5:56  Roach x3  
  66  6:03  Baneling x2  
  66  6:07  Roach x3  
  70  6:12  Roach x2  
  70  6:15  Drone  
  70  6:17  Drone  
  76  6:49  Roach x7  
  76  6:50  Roach, Drone x2  
  83  7:03  Roach x3  
  83  7:04  Roach  
  83  7:05  Roach  
  93  7:25  Queen  
  95  7:34  Overlord x4  
  93  7:45  Overlord  
  93  7:46  Overlord x2  
  93  7:51  Spore Crawler  
  92  7:52  Queen  
  92  7:55  Baneling x2  
  92  7:56  Baneling  
  94  7:59  Overlord x2  
Tags
 
Add a new tag
Caveats
  • Supply blocks, unpowered buildings, or Contaminate may cause inaccurate times.
  • Supply counts are checked every 10 seconds.